 Dungeon Crawl Stone Soup version 0.20-a0-16-g0876c8e (webtiles) character file.

1837 KristoblXynda the Cleaver (level 8, -2/62 HPs)
             Began as a Minotaur Skald on Nov 3, 2016.
             Was an Initiate of Ashenzari.
             Slain by an orc warrior
             ... wielding a cursed -1 scimitar
              (23 damage)
             ... on level 7 of the Dungeon.
             The game lasted 00:16:50 (6626 turns).

KristoblXynda the Cleaver (Minotaur Skald)          Turns: 6626, Time: 00:16:51

Health: -2/62      AC:  6    Str: 17    XL:     8   Next: 87%
Magic:  9/9        EV: 11    Int: 11    God:    Ashenzari [......]
Gold:   358        SH:  0    Dex: 10    Spells: 2 memorised, 5 levels left

rFire  + . .     SeeInvis .     G - +2 war axe (flame) (curse)
rCold  . . .     Gourm    .     g - +0 ring mail
rNeg   . . .     Faith    .     (no shield)
rPois  +         Spirit   .     u - +0 hat (curse)
rElec  .         Reflect  .     (no cloak)
rCorr  .         Harm     .     (no gloves)
MR     .....                    (no boots)
Stlth  ..........               (no amulet)
                                F - ring of protection from fire (curse)
                                v - ring of poison resistance (curse)

@: lethally poisoned (-2 -> -4)
A: retaliatory headbutt, horns 2
a: Curse Item, Renounce Religion


You were on level 7 of the Dungeon.
You worshipped Ashenzari.
Ashenzari was noncommittal.
You were hungry.

You visited 2 branches of the dungeon, and saw 8 of its levels.

You collected 358 gold pieces.

Inventory:

Hand Weapons
 G - a cursed +2 war axe of flaming (weapon)
Armour
 a - a +0 chain mail
 g - a +0 ring mail (worn)
 u - a cursed +0 hat (worn)
Jewellery
 v - a cursed ring of poison resistance (left hand)
 F - a cursed ring of protection from fire (right hand)
Wands
 n - a wand of polymorph (15/24)
 x - a wand of disintegration (7/24)
Scrolls
 e - 3 scrolls of remove curse
 k - a scroll of recharging {unknown}
 o - 2 scrolls of teleportation
 t - a scroll of fog {unknown}
 w - a scroll of amnesia {unknown}
 A - a scroll of blinking
 C - a scroll of summoning {unknown}
 D - a scroll of fear
 E - 2 scrolls of identify
Potions
 f - a potion of haste
 i - 2 potions of berserk rage {unknown}
 j - a potion of resistance {unknown}
 l - a potion of magic {unknown}
 m - a potion of brilliance {unknown}
 q - a potion of flight {unknown}
 s - 3 potions of curing {unknown}
 z - a potion of agility {unknown}
 B - a potion of heal wounds
Books
 c - a book of Battle

   Spells                             Type                      Level
   a - Infusion                       Charms                       1
   b - Shroud of Golubria             Charms/Translocation         2
   c - Song of Slaying                Charms                       2
   d - Spectral Weapon                Hexes/Charms                 3
   e - Regeneration                   Charms/Necromancy            3
 r - a book of Conjurations

   Spells                             Type                      Level
   a - Magic Dart                     Conjuration                  1
   b - Searing Ray                    Conjuration                  2
   c - Dazzling Spray                 Conjuration/Hexes            3
   d - Fulminant Prism                Conjuration/Hexes            4
   e - Iskenderun's Mystic Blast      Conjuration                  4
   f - Iskenderun's Battlesphere      Conjuration/Charms           5
 y - a book of Air

   Spells                             Type                      Level
   a - Shock                          Conjuration/Air              1
   b - Swiftness                      Charms/Air                   2
   c - Repel Missiles                 Charms/Air                   2
   d - Static Discharge               Conjuration/Air              3
   e - Lightning Bolt                 Conjuration/Air              5
Comestibles
 b - a beef jerky
 d - 5 bread rations
 h - a meat ration
 p - a royal jelly


   Skills:
 - Level 2.4 Fighting
 + Level 8.4 Axes
 + Level 8.1 Armour
 - Level 1.1 Dodging
 - Level 1.3 Spellcasting
 - Level 3.6 Charms
 + Level 3.3 Necromancy


You had 5 spell levels left.
You knew the following spells:

 Your Spells              Type           Power        Failure   Level  Hunger
a - Infusion              Chrm           #...         14%         1    ##.....
b - Regeneration          Chrm/Necr      #.........   41%         3    ####...


Dungeon Overview and Level Annotations

Branches:
Dungeon (7/15)             Temple (1/1) D:6

Altars:
Ashenzari
Cheibriados
Dithmenos
Elyvilon
Gozag
Hepliaklqana
Kikubaaqudgha
Makhleb
Okawaru
Qazlal
Ru
Trog
Uskayaw
Vehumet
Xom
Yredelemnul
The Shining One


Innate Abilities, Weirdness & Mutations

You reflexively headbutt those who attack you in melee.
You have a pair of horns on your head.


Message History

You resist with some effort.
Unknown command.
You hit the orc warrior. You burn the orc warrior.
You headbutt the orc warrior, but do no damage.
The orc warrior is moderately wounded.
You hit the orc wizard. You burn the orc wizard.
You kill the orc wizard!
You feel sick.
The orc warrior hits you but does no damage.
You hit the orc warrior. You burn the orc warrior.
The orc warrior is severely wounded.
The orc warrior hits you with a scimitar!
You hit the orc warrior but do no damage.
The orc warrior is severely wounded.
You feel sick.
The orc warrior hits you with a scimitar!
You closely miss the orc warrior.
The orc warrior is severely wounded.
The orc warrior hits you with a scimitar!!
You die...

.## ..# # #.###
#. #... #
#.##..####.#
.!##...........
.?.............
....)..@.......
.......)o......
...............
...............
...../...(.....
...............
.............!.
...>.........##


You could see an orc warrior.

Vanquished Creatures
  The ghost of JustSomeDude the Shield-Bearer, an amateur DsFi (D:4)
  3 ogres
  Blork the orc (D:6)
  2 bullfrogs (D:6)
  A scorpion (D:4)
  3 wights (D:6)
  A howler monkey (D:5)
  A centaur zombie (D:6)
  4 orc priests
  3 hounds
  A jelly (D:5)
  6 orc wizards
  An iguana (D:5)
  11 worker ants
  A hound skeleton (D:5)
  A worker ant zombie (D:6)
  7 gnolls (D:6)
  7 adders
  An ooze (D:3)
  An adder zombie (D:5)
  2 adder skeletons
  3 worms
  A dart slug (D:2)
  2 leopard geckos
  20 orcs
  6 giant cockroaches
  7 goblins
  4 hobgoblins
  5 jackals
  7 kobolds
  3 quokkas
  5 ball pythons
  8 bats
  6 frilled lizards
  2 leopard gecko skeletons
  5 rats
143 creatures vanquished.

Notes
Turn   | Place    | Note
-------+----------+-------------------------------------------
     0 | D:1      | KristoblXynda the Minotaur Skald began the quest for the Orb.
     0 | D:1      | Reached XP level 1. HP: 18/18 MP: 1/1
   474 | D:1      | Reached XP level 2. HP: 25/25 MP: 3/3
   887 | D:2      | Reached XP level 3. HP: 13/30 MP: 4/4
  1874 | D:3      | Reached XP level 4. HP: 37/37 MP: 5/5
  2391 | D:3      | Reached XP level 5. HP: 23/42 MP: 6/6
  2670 | D:3      | Learned a level 3 spell: Regeneration
  3342 | D:4      | Reached XP level 6. HP: 48/50 MP: 7/7
  3374 | D:4      | Noticed JustSomeDude's ghost (amateur DsFi)
  3419 | D:4      | Found a basalt altar of Yredelemnul.
  3462 | D:4      | Reached skill level 5 in Axes
  3711 | D:4      | Killed JustSomeDude's ghost
  3711 | D:4      | Reached skill level 5 in Armour
  3711 | D:4      | Reached XP level 7. HP: 32/56 MP: 8/8
  3979 | D:5      | Entered Level 5 of the Dungeon
  4143 | D:5      | Found an ancient bone altar of Kikubaaqudgha.
  4444 | D:5      | Reached skill level 1 in Necromancy
  5041 | D:6      | Reached XP level 8. HP: 62/62 MP: 9/9
  5586 | D:6      | Noticed Blork the orc
  5596 | D:6      | Killed Blork the orc
  6047 | D:6      | Found a staircase to the Ecumenical Temple.
  6052 | Temple   | Entered the Ecumenical Temple
  6087 | Temple   | Became a worshipper of Ashenzari the Shackled
  6235 | D:6      | Found a burning altar of Makhleb.
  6626 | D:7      | Slain by an orc warrior

Vault maps used:
D:1:      dpeg_arrival_circle_labyrinth_c, hangedman_decor_points,
          minmay_misc_feat_more_columns
D:4:      kennysheep_mini
D:5:      basic_altar, first_bread, kennysheep_generic_room_7
D:6:      bloody_makhleb, uniq_blork_the_orc
D:7:      fedhas_altar_1, lightli_orcish_oven
Temple:   nicolae_temple_elliptical

Skill      XL: |  1  2  3  4  5  6  7  8 |
---------------+-------------------------+-----
Armour         | 2 3 4 5 6 8 |  8.1
Axes           | 3 4 5 6 8 |  8.4
Charms         | 3 |  3.6
Necromancy     | 1 3 |  3.3
Fighting       | |  2.4
Dodging        | |  1.1
Spellcasting   | |  1.3

Action                   |  1- 3 |  4- 6 |  7- 9 || total
-------------------------+-------+-------+-------++-------
Melee: Hand axe          |   105 |    15 |       ||   120
       Headbutt          |     9 |    19 |    29 ||    57
       Flail             |       |   137 |   168 ||   305
       War axe           |       |       |    29 ||    29
 Cast: Regeneration      |       |       |     1 ||     1
Invok: Curse Item        |       |       |     4 ||     4
  Use: Scroll            |     6 |     4 |     1 ||    11
       Potion            |       |     3 |       ||     3
  Eat: Chunk             |     3 |     4 |     1 ||     8
       Meat ration       |       |     1 |     1 ||     2
Armor: Ring mail         |    39 |    61 |    57 ||   157
       Leather armour    |     2 |       |       ||     2
       Skin              |       |     6 |       ||     6
Dodge: Dodged            |    57 |    82 |   122 ||   261
